cohdb
Replays
Latest Replays
All Replays
Popular Replays
Top Player Replays
Match Explorer
How It Works
Community
CoH3 Stats
Reddit
Sign in to upload your games and track your stats! →
Sign in with Steam
Match 39761553
Unlisted
Match 39761553
Overview
Messages
Build Orders
End
Engineer Squad
Selects Heavy Weapons
Construct Weapon Support Center
Engineer Squad
M1919 Machine Gun Team
Sniper
Mechanized Support Center
Selects Assault Carriers
M3 Assault Carrier
M3 Assault Carrier
Selects Exchangeable Parts
Selects Exchangeable Parts
Construct Medical Station
Selects M2HB .50cal Heavy Machine Gun
Bazooka Squad
Bazooka Squad
Catboy Supremacy
Lukylife
sharpshooter
MoronPark-战地指挥官
0
0
Comments
sign in to comment!
No comments posted yet!